 Dungeon Crawl Stone Soup version 0.27.1-33-g824d729ab1 (webtiles) character file.

Game seed: 2849919236462656210

353 potato4science the Sneak (level 6, -7/37 HPs)
             Began as a Kobold Enchanter on Dec 24, 2021.
             Mangled by Ceno's ghost (11 damage)
             ... on level 3 of the Dungeon.
             The game lasted 00:17:50 (5055 turns).

potato4science the Sneak (Kobold Enchanter)         Turns: 5055, Time: 00:17:51

Health: -7/37      AC:  3    Str:  7    XL:     6   Next: 94%
Magic:  9/9        EV: 16    Int: 17    God:
Gold:   70         SH:  0    Dex: 15    Spells: 6/9 levels left

rFire    . . .     SeeInvis .   a - +3 dagger
rCold    . . .     Faith    .   (shield restricted)
rNeg     . . .     Spirit   .   q - +0 robe
rPois    .         Reflect  .   (no helmet)
rElec    .         Harm     .   (no cloak)
rCorr    .         Rampage  .   (no gloves)
Will     .....                  l - +0 pair of boots
Stlth    ++++......             (no amulet)
HPRegen  0.12/turn              (no ring)
MPRegen  0.11/turn              (no ring)

@: no status effects
A: small, no large weapons, nightstalker 3
a: no special abilities


You were on level 3 of the Dungeon.
You visited 1 branch of the dungeon, and saw 3 of its levels.

You collected 70 gold pieces.

Inventory:

Hand Weapons
 a - a +3 dagger (weapon)
 b - a +0 hunting sling
 k - a +1 dagger
Missiles
 c - 43 bolts
 j - 26 sling bullets
 m - 3 boomerangs
Armour
 l - a +0 pair of boots (worn)
 q - a +0 robe (worn)
Magical Staves
 s - a staff of death
 u - a staff of cold
Wands
 r - a wand of flame (4)
 t - a wand of polymorph (9)
Scrolls
 g - a scroll of vulnerability {unknown}
 h - a scroll of enchant armour {unknown}
 i - a scroll of magic mapping {unknown}
 n - 3 scrolls of identify {unknown}
 o - a scroll of teleportation {unknown}
Potions
 d - 2 potions of attraction {unknown}
 e - a potion of cancellation {unknown}
 f - 2 potions of ambrosia {unknown}
 p - a potion of curing {unknown}


   Skills:
 - Level 3.0 Fighting
 - Level 4.0 Short Blades
 - Level 1.0 Armour
 - Level 4.0 Dodging
 - Level 5.0 Stealth
 - Level 2.1 Spellcasting
 - Level 3.0 Hexes
 - Level 2.0 Ice Magic
 + Level 2.5 Evocations


You had 6 spell levels left.
You knew the following spells:

 Your Spells              Type           Power      Damage    Failure   Level
a - Corona                Hex            13%        N/A       5%          1
b - Ensorcelled Hibernat  Hex/Ice        20%        N/A       11%         2

Your spell library contained the following spells:

 Spells                   Type           Power      Damage    Failure   Level
 Confusing Touch          Hex            12%        N/A       17%         3
 Tukima's Dance           Hex            12%        N/A       17%         3
 Dazzling Flash           Conj/Hex       12%        N/A       30%         3


Dungeon Overview and Level Annotations

Branches:
Dungeon (3/15)

Altars:
Ashenzari
Qazlal

Annotations:
D:3 Ceno's ghost, amateur FoAK; Robin; Sigmund


Innate Abilities, Weirdness & Mutations

You are small and have problems with some larger weapons.
You are completely attuned to the shadows.


Message History

Ceno's ghost hits you.
You hit Ceno's ghost.
Ceno's ghost is moderately damaged.
Ceno's ghost hits you!
You hit Ceno's ghost but do no damage.
Ceno's ghost is moderately damaged.
You hit Ceno's ghost.
Ceno's ghost is moderately damaged.
Ceno's ghost whispers, "Soon you will have time, lots of time..."
Ceno's ghost closely misses you.
You hit Ceno's ghost but do no damage.
Ceno's ghost is moderately damaged.
Ceno's ghost misses you.
You hit Ceno's ghost.
Ceno's ghost is moderately damaged.
Ceno's ghost stops glowing.
Ceno's ghost barely misses you.
You hit Ceno's ghost.
Ceno's ghost is heavily damaged.
Ceno's ghost closely misses you.
You hit Ceno's ghost but do no damage.
Ceno's ghost is heavily damaged.
You hit Ceno's ghost.
Ceno's ghost is heavily damaged.
Ceno's ghost hits you but does no damage.
You hit Ceno's ghost but do no damage.
Ceno's ghost is heavily damaged.
Ceno's ghost hits you!
* * * LOW HITPOINT WARNING * * *
You hit Ceno's ghost.
Ceno's ghost is heavily damaged.
Ceno's ghost misses you.
You hit Ceno's ghost.
Ceno's ghost is severely damaged.
Ceno's ghost misses you.
You hit Ceno's ghost.
Ceno's ghost is severely damaged.
You hit Ceno's ghost but do no damage.
Ceno's ghost is severely damaged.
Ceno's ghost hits you!
You die...

.....#.#####..............####.#.
..............###..###..### #.#.
#######.########..##W##..## #.#.
# #.# ##..##...##..# #.#.
#######.# #..##.....##.## #...
........# #..#⌠.!♣!.⌠#..###...
#######.######..##.....##..).....
....†##..........##...##..#####..
.....##..#####.#@W##.##..## #..
.....##..# #.##..#'#..## #..
.....##..# #.........## #..
.....##..# #.######### #..
#######..#####.# ##..
...............# #...
##.############# #...
#.############# #############...
#.............###...........)...


You could see Ceno's ghost.

Vanquished Creatures
  4 wights
  Natasha (twice) (D:3)
  Ijyb (D:3)
  4 adders (D:2)
  2 worms (D:2)
  2 dart slugs
  An orc (D:3)
  4 endoplasms
  2 giant cockroaches
  8 goblins
  10 hobgoblins
  3 jackals (D:1)
  3 kobolds
  6 quokkas
  3 ball pythons (D:3)
  4 bats
  6 frilled lizards
  7 rats
72 creatures vanquished.

Notes
Turn   | Place    | Note
-------+----------+-------------------------------------------
     0 | D:1      | potato4science the Kobold Enchanter began the quest for the
                  | Orb.
     0 | D:1      | Reached XP level 1. HP: 10/10 MP: 3/3
   232 | D:1      | Reached XP level 2. HP: 14/15 MP: 0/5
   236 | D:1      | Learned a level 2 spell: Ensorcelled Hibernation
   302 | D:1      | Reached skill level 5 in Stealth
   445 | D:1      | Found a faded altar of an unknown god.
   546 | D:1      | Reached skill level 1 in Fighting
   796 | D:1      | Reached XP level 3. HP: 20/20 MP: 6/6
   900 | D:1      | Reached skill level 1 in Ice Magic
  1843 | D:2      | Reached skill level 1 in Armour
  2021 | D:2      | Reached XP level 4. HP: 25/25 MP: 7/7
  2827 | D:3      | Noticed Ijyb
  2830 | D:3      | Killed Ijyb
  2831 | D:3      | Reached XP level 5. HP: 30/30 MP: 8/8
  2853 | D:3      | Noticed Sigmund
  3054 | D:3      | Noticed Natasha
  3058 | D:3      | Killed Natasha
  3178 | D:3      | Noticed Robin
  3186 | D:3      | Noticed Natasha
  3297 | D:3      | Found a runed translucent door.
  3297 | D:3      | Noticed Ceno's ghost (amateur FoAK)
  3605 | D:2      | Reached XP level 6. HP: 27/36 MP: 9/9
  4630 | D:3      | Killed Natasha
  4687 | D:3      | Found a broken altar of Ashenzari.
  4702 | D:3      | Found a stormy altar of Qazlal.
  4819 | D:3      | Reached skill level 1 in Evocations
  5055 | D:3      | Mangled by Ceno's ghost

Illustrated notes

Levels and vault maps discovered:
D:1:      amcnicky_arrival_underground_garden, layout_basic,
          hellmonk_ecumenical_altar_blasted, grunt_decor_resistance,
          chequers_arboretum
D:2:      layout_loops_cross
D:3:      layout_loops_ring, minitemple, hellmonk_ghost_happy_afterlife,
          uniq_robin, uniq_sigmund, uniq_natasha, uniq_ijyb

Skill      XL: |  1  2  3  4  5  6 |
---------------+-------------------+-----
Stealth        | 5 |  5.0
Fighting       | 1 2 3 |  3.0
Ice Magic      | 1 2 |  2.0
Short Blades   | 2 3 4 |  4.0
Armour         | 1 |  1.0
Dodging        | 3 4 |  4.0
Evocations     | 2 |  2.5
Spellcasting   | |  2.1
Hexes          | |  3.0

Action                   |  1- 3 |  4- 6 || total
-------------------------+-------+-------++-------
Melee: Dagger            |    47 |    71 ||   118
 Fire: Hunting sling     |       |     1 ||     1
 Cast: Corona            |     2 |     1 ||     3
       Ensorcelled Hiber |    17 |    31 ||    48
Evoke: Wand              |       |    22 ||    22
 Stab: Sleeping          |    27 |    34 ||    61
Armor: Robe              |     4 |     5 ||     9
Dodge: Dodged            |    29 |    38 ||    67
